 Dungeon Crawl Stone Soup version 0.21.1-68-g103a7afc0a (webtiles) character file.

213 Jorund the Firebug (level 5, -2/31 HPs)
             Began as an Octopode Fire Elementalist on Aug 2, 2018.
             Slain by afka's ghost (13 damage)
             ... on level 3 of the Dungeon.
             The game lasted 00:08:09 (2727 turns).

Jorund the Firebug (Octopode Fire Elementalist)     Turns: 2727, Time: 00:08:10

Health: -2/31      AC:  1    Str:  7    XL:     5   Next: 90%
Magic:  4/10       EV: 13    Int: 19    God:
Gold:   114        SH:  0    Dex: 12    Spells: 2/11 levels left

rFire    . . .     SeeInvis .   n - +1 dagger (venom)
rCold    . . .     Gourm    .   (no shield)
rNeg     . . .     Faith    .   (helmet restricted)
rPois    .         Spirit   .   (no amulet)
rElec    .         Reflect  .   (no ring)
rCorr    .         Harm     .   (no ring)
MR       .....                  (no ring)
Stlth    +++.......             (no ring)
HPRegen  0.10/turn              (no ring)
MPRegen  0.12/turn              (no ring)
                                (no ring)
                                (no ring)

@: very slightly contaminated
A: almost no armour, stealthy swim, amphibious, 8 rings, constrict 8, camouflage
1, gelatinous body 1
a: no special abilities


You were on level 3 of the Dungeon.
You were hungry.

You visited 1 branch of the dungeon, and saw 3 of its levels.

You collected 114 gold pieces.

Inventory:

Hand Weapons
 n - a +1 dagger of venom (weapon)
Missiles
 c - 41 poisoned needles
 d - 4 javelins (quivered)
Jewellery
 e - an uncursed amulet of faith
 w - an uncursed ring of protection from magic {unknown}
Wands
 s - a wand of random effects (18)
Scrolls
 f - 3 scrolls of identify
 g - 3 scrolls of remove curse
 j - a scroll of amnesia
 k - a scroll of fear
 p - a scroll of noise
Potions
 h - 2 potions of might
 o - a potion of mutation
 r - a potion of degeneration {unknown}
Books
 a - a book of Flames

   Spells                             Type                      Level
   a - Flame Tongue                   Conjuration/Fire             1
   b - Throw Flame                    Conjuration/Fire             2
   c - Conjure Flame                  Conjuration/Fire             3
   d - Inner Flame                    Hexes/Fire                   3
   e - Sticky Flame                   Conjuration/Fire             4
   f - Fireball                       Conjuration/Fire             5
Comestibles
 b - 5 rations


   Skills:
 + Level 0.3 Short Blades
 - Level 2.0 Dodging
 - Level 2.6 Stealth
 + Level 3.6 Spellcasting
 + Level 2.5 Conjurations
 + Level 4.6 Fire Magic


You had 2 spell levels left.
You knew the following spells:

 Your Spells              Type           Power        Failure   Level  Hunger
a - Flame Tongue          Conj/Fire      ###..        3%          1    None
b - Throw Flame           Conj/Fire      ###...       4%          2    ##.....
c - Conjure Flame         Conj/Fire      ###.....     10%         3    ###....
d - Inner Flame           Hex/Fire       ##......     16%         3    ###....


Dungeon Overview and Level Annotations

Branches:
Dungeon (3/15)

Altars:
Dithmenos
Okawaru
Ru

Annotations:
D:3 afka's ghost, amateur CeHu


Innate Abilities, Weirdness & Mutations

You cannot wear most types of armour.
You are very stealthy in the water. (Stealth+)
You are amphibious.
You can wear up to eight rings at the same time.
You can use your tentacles to constrict eight enemies at once.
Your skin changes colour to match your surroundings (Stealth+).
Your rubbery body absorbs attacks. (AC +1, EV +1)


Message History

Afka's ghost barely misses you.
Blink to where?
Press: ? - help, Dir - move target cursor You are very lightly contaminated with residual magic.
As you read the scroll labeled ERAUNA ONATI, it crumbles to dust.
It was a scroll of blinking.
Afka's ghost barely misses you.
As you read the scroll labeled EKILIS WALAA, it crumbles to dust.
You hear a very strange noise indeed.
It was a scroll of random uselessness.
Afka's ghost hits you!
* * * LOW HITPOINT WARNING * * *
Unknown command.
As you read the scroll labeled QOUJAIFAID, it crumbles to dust.
You feel aware of your surroundings.
You sensed 2 altars, and 1 shop/portal.
It was a scroll of magic mapping.
The rat bites you.
* * * LOW HITPOINT WARNING * * *
Afka's ghost screams, "Zot is a myth, the ORB is a fable, you'll soon be a tale!"
Afka's ghost closely misses you.
Okay, then.
You feel better. The rat bites you. Afka's ghost hits you!
You die...

#####
***,,...,*#..(o###>.....
≈≈≈*
*,,,,,..###..#..##.#)#..
≈≈**
*,,,,......r.........#..
,_∩*
***''**####.r.#...........
≈≈**####≈≈,,≈≈*
##...#..#.#.###.#
≈≈≈##..#≈*,,*≈*
#§§..#....#.###.o
####.###≈,,,,≈*
#o###...#.......r .....#
*≈,,,,≈###r§..#....#.####.
#.####
*≈*,,*≈#§@§§o.#.####.....%
#)# *≈≈≈≈≈≈#W####.#.#
###...r #.# *****###.#
##...## #.##. #.# #.###
#.....# #.#.. #.# #.#
#.###.# #,*r# #.# #.# #.#
#.# *,,., #.# #.# ##.###.#
**#o*
..###########.####.#.##.#
**,*
..................###...#
**,,,


You could see afka's ghost, an orc and a rat.

Vanquished Creatures
  Terence (D:2)
  2 gnolls (D:3)
  6 adders (D:2)
  An ooze (D:1)
  4 worms
  A dart slug (D:2)
  5 orcs (D:3)
  13 bats
  A giant cockroach (D:1)
  13 goblins
  8 hobgoblins
  9 jackals
  11 kobolds
  2 quokkas (D:3)
  2 frilled lizards
  8 rats
87 creatures vanquished.

Notes
Turn   | Place    | Note
-------+----------+-------------------------------------------
     0 | D:1      | Jorund the Octopode Fire Elementalist began the quest for the Orb.
     0 | D:1      | Reached XP level 1. HP: 11/11 MP: 3/3
    96 | D:1      | Reached XP level 2. HP: 13/17 MP: 3/5
   604 | D:1      | Reached XP level 3. HP: 21/21 MP: 1/6
  1447 | D:2      | Reached skill level 4 in Fire Magic
  1447 | D:2      | Reached XP level 4. HP: 20/27 MP: 4/8
  1465 | D:2      | Noticed Terence
  1470 | D:2      | Killed Terence
  1545 | D:2      | Learned a level 2 spell: Throw Flame
  1549 | D:2      | Learned a level 3 spell: Conjure Flame
  1553 | D:2      | Learned a level 3 spell: Inner Flame
  1730 | D:2      | Reached XP level 5. HP: 20/31 MP: 0/9
  2070 | D:2      | Found a shadowy altar of Dithmenos.
  2070 | D:2      | Found a sacrificial altar of Ru.
  2442 | D:3      | Found an iron altar of Okawaru.
  2697 | D:3      | Noticed afka's ghost (amateur CeHu)
  2727 | D:3      | Slain by afka's ghost

Skill      XL: |  1  2  3  4  5 |
---------------+----------------+-----
Fire Magic     | 4 |  4.6
Spellcasting   | 3 |  3.6
Conjurations   | 2 |  2.5
Short Blades   | |  0.3
Dodging        | |  2.0
Stealth        | |  2.6

Action                   |  1- 3 |  4- 6 || total
-------------------------+-------+-------++-------
Melee: Dagger            |    18 |    32 ||    50
       Constrict         |     4 |     9 ||    13
       Tentacles         |     2 |     4 ||     6
 Cast: Flame Tongue      |    40 |    84 ||   124
  Use: Scroll            |       |    11 ||    11
       Potion            |       |     2 ||     2
 Stab: Sleeping          |     8 |     5 ||    13
  Eat: Chunk             |     2 |     3 ||     5
Armor: Skin              |     3 |     7 ||    10
Dodge: Dodged            |    15 |    63 ||    78
